 Dungeon Crawl Stone Soup version 0.31.0-11-ge490571c62 (webtiles) character file.

Game seed: 11312079547163140955

11 qw the Shooter (level 2, -1/16 HPs)
             Began as a Deep Elf Hunter on Feb 4, 2024.
             Slain by a jackal (3 damage)
             ... on level 1 of the Dungeon.
             The game lasted 00:00:01 (134 turns).

qw the Shooter (Deep Elf Hunter)                     Turns: 134, Time: 00:00:01

Health: -1/16      AC:  3    Str:  8    XL:     2   Next: 17%
Magic:  4/4        EV: 12    Int: 13    God:
Gold:   17         SH:  0    Dex: 18    Spells: 1/1 levels left

rFire   . . .        a - +0 shortbow
rCold   . . .        (shield currently unavailable)
rNeg    . . .        c - +0 leather armour
rPois   .            (no helmet)
rElec   .            (no cloak)
rCorr   .            (no gloves)
SInv    .            (no boots)
Will    .....        (no amulet)
Stlth   ++           (no ring)
HPRegen 0.22/turn    (no ring)
MPRegen 0.09/turn

%: no passive effects
@: no status effects
A: no striking features
a: no special abilities


You were on level 1 of the Dungeon.
You visited 1 branch of the dungeon, and saw 1 of its levels.

You collected 17 gold pieces.


   Skills:
 - Level 1.5 Fighting
 + Level 6.0 Ranged Weapons
 - Level 2.4 Dodging
 - Level 1.2 Stealth


You had one spell level left.
You didn't know any spells.
Your spell library was empty.

Inventory:

Hand Weapons
 a - a +0 shortbow (weapon)
Armour
 c - a +0 leather armour (worn)
Scrolls
 b - a scroll of butterflies
 d - a scroll of poison {unknown}
 e - a scroll of fear {unknown}

Dungeon Overview and Level Annotations

Branches:
Dungeon (1/15)

Altars:


Message History

The rat bites you.
The bat moves out of view.
You have reached level 2!
You shoot an arrow. The arrow closely misses the kobold.
The rat closely misses you. The rat bites you.
The kobold hits you with a +0 whip.
You shoot an arrow. The arrow closely misses the kobold.
The rat bites you but does no damage. The rat bites you. The kobold misses you.
The rat closely misses you.
You shoot an arrow. The arrow hits the kobold.
The kobold is heavily wounded.
The rat misses you. The kobold hits you but does no damage.
The rat bites you but does no damage. The rat bites you.
The kobold closely misses you.
You shoot an arrow. The arrow barely misses the kobold.
The rat barely misses you. The kobold closely misses you.
The rat closely misses you.
You shoot an arrow. The arrow hits the kobold.
You kill the kobold!
The rat bites you. The rat barely misses you.
Your Ranged Weapons skill increases to level 6!
You shoot an arrow. The arrow hits the endoplasm.
The endoplasm is lightly wounded.
The rat misses you. The endoplasm barely misses you. The rat misses you.
You shoot an arrow.
The arrow hits the endoplasm but does no damage.
The endoplasm is lightly wounded.
The rat closely misses you. The endoplasm barely misses you.
The rat bites you but does no damage.
You shoot an arrow. The arrow hits the endoplasm!
You kill the endoplasm!
The bat barely misses you. The rat misses you. The rat bites you.
The rat closely misses you.
You shoot an arrow. The arrow hits the rat!
You kill the rat!
The rat barely misses you. The bat hits you but does no damage.
The jackal bites you.
You shoot an arrow.
The arrow hits the jackal but does no damage.
The bat barely misses you. x2; The jackal bites you.
You die...

## #. #.
#.####b#######.#.
......r@hh...?...
.....####K####..
... +....# .
#....# #....#
###..## #...#
######
#.#.#####....#
#(...........#


You could see 2 jackals, a bat, a kobold and a rat.

Vanquished Creatures
  A bat (D:1)
  2 endoplasms (D:1)
  A giant cockroach (D:1)
  A jackal (D:1)
  2 kobolds (D:1)
  A ball python (D:1)
  2 rats (D:1)
10 creatures vanquished.

Notes
Turn   | Place    | Note
-------+----------+-------------------------------------------
     0 | D:1      | qw the Deep Elf Hunter began the quest for the Orb.
     0 | D:1      | Reached XP level 1. HP: 12/12 MP: 3/3
     0 | D:1      | 0 ||| qw: Version: 0.3-a-160-g6735b56
     0 | D:1      | 0 ||| qw: Game counter: 5597
     0 | D:1      | 0 ||| qw: Melee chars always use a shield: true
     0 | D:1      | 0 ||| qw: God list: Okawaru
     0 | D:1      | 0 ||| qw: Allow faded altars: false
     0 | D:1      | 0 ||| qw: Do Orc after clearing Dungeon:15 true
     0 | D:1      | 0 ||| qw: Do second Lair branch before Depths: true
     0 | D:1      | 0 ||| qw: Lair rune preference: random
     0 | D:1      | 0 ||| qw: Goals: Normal
     0 | D:1      | 0 ||| PLANNING D:1-11
   118 | D:1      | 118 ||| RETREEEEATING.
   120 | D:1      | 120 ||| RETREEEEATING.
   125 | D:1      | Reached XP level 2. HP: 14/16 MP: 4/4
   127 | D:1      | HP: 4/16 [rat (1)]
   130 | D:1      | Reached skill level 6 in Ranged Weapons
   132 | D:1      | HP: 2/16 [rat (2)]
   134 | D:1      | Slain by a jackal

Levels and vault maps discovered:
D:1:      noname_arrival_rooms_in_the_neighbourhood, layout_basic

Skill      XL: |  1  2 |
---------------+-------+-----
Ranged Weapons | 6 |  6.0
Fighting       | |  1.5
Dodging        | |  2.4
Stealth        | |  1.2

Action                     || total
---------------------------++-------
   Fire: Shortbow          ||    26
 Armour: Leather armour    ||    19
  Dodge: Dodged            ||    24

Table legend:
 A = Non-vault XP
 B = Vault XP
 C = Vault XP percentage of total XP
 D = Non-vault monster count
 E = Vault monster count
 F = Vault count percentage of total count
                 A         B        C        D         E       F
            +---------+---------+-------+---------+---------+-------
      Total |      17 |       0 |   0.0 |      10 |       0 |   0.0
            +---------+---------+-------+---------+---------+-------
        D:1 |      17 |       0 |   0.0 |      10 |       0 |   0.0
            +---------+---------+-------+---------+---------+-------
